Penguins vs Islanders
Created - December 27, 2020 at 19:01
Goals
|
Penguins |
1 |
0 |
3 |
0 |
1 |
5 |
Islanders |
0 |
0 |
4 |
0 |
0 |
4 |
|
Shots
|
Penguins |
13 |
6 |
9 |
2 |
3 |
30 |
Islanders |
11 |
10 |
8 |
2 |
3 |
31 |
|
1st period
1. Penguins , Nikita Kucherov 9 (Steven Stamkos 19) at 11:45
Penalties :
Adam Larsson (Pit) for Slashing (Minor) at 13:15, Tomas Plekanec (NYI) for Tripping (Minor) at 16:11
2nd period
No Goal
Penalties :
Sean Zimmerman (Pit) for Tripping (Minor) at 14:54
3rd period
2. Penguins , Nikita Kucherov 10 (Steven Stamkos 20, Keith Aulie 16) at 1:42
3. Penguins , Sean Monahan 5 (Thomas Vanek 7, Danny DeKeiser 9) at 3:01 (PP)
4. Islanders , Maxim Talbot 7 (Jiri Hudler 5, Tomas Fleischmann 7) at 7:22
5. Islanders , Maxim Talbot 8 (Carl Klingberg 2) at 11:45
6. Penguins , Viktor Arvidsson 7 (Marian Hossa 4, Joe Colborne 8) at 15:15
7. Islanders , Maxim Talbot 9 (Dustin Byfuglien 9, Ryan Ellis 34) at 15:46
8. Islanders , Evander Kane 21 (Joe Thornton 15, Vladimir Tarasenko 20) at 19:22
Penalties :
Fedor Tyutin (NYI) for Interference (Minor) at 2:53, Sean Zimmerman (Pit) for Hooking (Minor) at 3:20, Joe Colborne (Pit) for Tripping (Minor) at 8:29, Andrew Cogliano (Pit) for Holding (Minor) at 12:08, Adam Larsson (Pit) for Holding (Minor) at 15:52, Carl Klingberg (NYI) for Tripping (Minor) at 19:59
Overtime #1
No Goal
Penalties :
No Penalty
Shootout
Penguins, Steven Stamkos - Goal!
Islanders, Vladimir Tarasenko - Shot Misses the Net
Penguins, Andrew Cogliano - Stopped by Jonathan Quick
Islanders, Evander Kane - Stopped by Michal Neuvirth
Penguins, Nikita Kucherov - Stopped by Jonathan Quick
Islanders, Joe Thornton - Shot Misses the Net
Penalties :
No Penalty
Goalie Stats
Michal Neuvirth (Pit), 27 saves from 31 shots - (0.871), W, 11-11-2, 65:00 minutes
Jonathan Quick (NYI), 26 saves from 30 shots - (0.867), OTL, 16-8-1, 64:28 minutes
Players Stats for Penguins
Player Name G A P +/- PIM S H SB GA TA FO MP PP MP PK MP
------------------------------------------------------------------------------------
Adam Larsson 0 0 0 -2 4 0 2 1 1 0 0/0 20:05 1:07 3:58
Alexei Marchenko 0 0 0 1 0 2 1 1 0 0 0/0 15:26 0:00 3:47
Andreas Martinsen 0 0 0 -1 0 0 2 0 0 0 0/0 10:24 0:00 2:46
Andrew Cogliano 0 0 0 0 2 3 2 0 0 0 2/2 23:55 1:02 4:23
Danny DeKeiser 0 1 1 -2 0 0 1 0 0 0 0/0 21:43 1:07 5:21
Dustin Brown 0 0 0 0 0 1 0 0 0 0 0/0 11:12 1:05 0:00
Eric Gryba 0 0 0 1 0 0 1 2 0 0 0/0 12:35 0:00 0:17
Joe Colborne 0 1 1 -1 2 3 0 0 0 0 0/2 8:14 0:00 0:06
Keith Aulie 0 1 1 0 0 1 3 2 1 2 0/0 30:23 1:00 5:58
Logan Couture 0 0 0 0 0 0 0 1 0 1 2/7 12:26 0:00 1:56
Marcus Foligno 0 0 0 0 0 0 0 1 1 0 0/1 11:59 0:00 0:42
Marian Hossa 0 1 1 -1 0 1 0 0 0 0 0/0 7:23 0:00 0:00
Nikita Kucherov 2 0 2 0 0 8 1 1 3 0 2/3 20:41 1:02 2:29
Sean Monahan 1 0 1 0 0 3 5 0 1 1 1/8 16:43 1:05 2:51
Sean Zimmerman 0 0 0 0 4 1 0 2 2 4 0/0 30:08 1:00 4:27
Steven Stamkos 0 2 2 0 0 4 2 0 1 0 20/39 25:17 1:02 5:27
Thomas Vanek 0 1 1 0 0 2 3 0 0 0 0/0 17:38 1:05 3:08
Viktor Arvidsson 1 0 1 0 0 1 2 0 0 0 0/0 11:48 0:00 0:00
Players Stats for Islanders
Player Name G A P +/- PIM S H SB GA TA FO MP PP MP PK MP
------------------------------------------------------------------------------------
Adam Pineault 0 0 0 -1 0 5 1 0 1 0 1/1 9:45 1:05 0:00
Carl Klingberg 0 1 1 3 2 1 1 0 0 0 0/0 17:34 5:39 0:37
David Legwand 0 0 0 0 0 3 1 0 0 0 7/16 19:36 5:42 1:08
Dustin Byfuglien 0 1 1 -1 0 3 0 1 0 2 0/0 28:01 5:50 2:10
Evander Kane 1 0 1 -1 0 2 0 2 1 0 3/4 22:14 5:18 1:38
Fedor Tyutin 0 0 0 1 2 1 2 1 2 1 0/0 24:45 6:01 1:48
Jiri Hudler 0 1 1 3 0 2 2 0 0 0 0/1 10:58 0:00 0:00
Joe Thornton 0 1 1 -1 0 0 1 0 0 0 9/17 21:11 5:02 0:37
Justin Falk 0 0 0 1 0 0 1 1 0 1 0/0 12:13 0:03 0:08
Maxim Talbot 3 0 3 3 0 5 1 0 0 0 7/8 12:36 1:10 0:14
Mike Brown 0 0 0 -2 0 2 1 0 1 0 1/2 18:06 4:38 0:00
Ryan Ellis 0 1 1 -1 0 2 1 2 2 1 0/0 29:00 5:52 2:35
T.J. Fast 0 0 0 1 0 0 0 3 0 2 0/0 23:55 5:59 1:31
Tomas Fleischmann 0 1 1 0 0 0 1 1 0 1 1/1 13:05 0:00 0:00
Tomas Kundratek 0 0 0 1 0 1 0 1 0 1 0/0 12:05 0:03 0:00
Tomas Plekanec 0 0 0 -1 2 0 1 1 0 1 5/9 10:28 0:00 1:45
Vladimir Tarasenko 0 1 1 1 0 2 3 1 0 0 0/2 19:41 6:11 0:00
Zac Rinaldo 0 0 0 -1 0 2 3 0 1 0 1/1 10:38 0:57 0:14
3 Stars
1 - Maxim Talbot (NYI)
2 - Nikita Kucherov (Pit)
3 - Sean Monahan (Pit)
Power Play
Penguins - 1 on 3 Attempt(s) - 33.33%
Islanders - 0 on 6 Attempt(s) - 0.00%
Penalty Kill
Penguins - 6 on 6 Attempt(s) - 100.00%
- Score 0 goal in Penalty Kill
Islanders - 2 on 3 Attempt(s) - 66.67%
- Score 0 goal in Penalty Kill
Team Stat
Penguins - Hits : 25 - Faceoff Wins : 27 - Blocked Shots : 11 - Penalty Minutes : 12
Islanders - Hits : 20 - Faceoff Wins : 35 - Blocked Shots : 14 - Penalty Minutes : 6
Official
Referees : Unknown
Linesman : Unknown
Game Notes
Maxim Talbot has scored a Hat Trick!
Finance
Level 1 -- Attendance: 4679 (77.98%) -- Ticket Income $538,085
Level 2 -- Attendance: 5000 (100.00%) -- Ticket Income $325,000
Level 3 -- Attendance: 1494 (74.70%) -- Ticket Income $67,230
Level 4 -- Attendance: 2980 (74.50%) -- Ticket Income $104,300
Luxury Box -- Attendance: 746 (74.60%) -- Ticket Income $149,200
Game was played at the Barclay center.
Total Attendance: 14899 (82.77%)
Total Ticket Income: $1,183,815
Other Income: $177,572
Total Income: $1,361,387
Penguins
5 vs 5 Forward
Center Left Wing Right Wing Time % Phy DF OF
1 Steven Stamkos Andrew Cogliano Nikita Kucherov 40 1 2 2
2 Sean Monahan Thomas Vanek Viktor Arvidsson 30 1 2 2
3 Logan Couture Marcus Foligno Dustin Brown 20 1 2 2
4 Joe Colborne Andreas Martinsen Marian Hossa 10 1 2 2
5 vs 5 Defense
Defense Defense Time % Phy DF OF
1 Sean Zimmerman Keith Aulie 40 1 2 2
2 Adam Larsson Danny DeKeiser 30 1 2 2
3 Eric Gryba Alexei Marchenko 20 1 2 2
4 Sean Zimmerman Keith Aulie 10 1 2 2
PowerPlay Forward
Center Left Wing Right Wing Time % Phy DF OF
1 Steven Stamkos Andrew Cogliano Nikita Kucherov 60 1 2 2
2 Sean Monahan Thomas Vanek Dustin Brown 40 1 2 2
PowerPlay Defense
Defense Defense Time % Phy DF OF
1 Sean Zimmerman Keith Aulie 60 1 2 2
2 Adam Larsson Danny DeKeiser 40 1 2 2
Penalty Kill 4 Players Forward
Center Wing Time % Phy DF OF
1 Steven Stamkos Andrew Cogliano 60 1 2 2
2 Nikita Kucherov Thomas Vanek 40 1 2 2
Penalty Kill 4 Players Defense
Defense Defense Time % Phy DF OF
1 Sean Zimmerman Keith Aulie 60 1 2 2
2 Adam Larsson Danny DeKeiser 40 1 2 2
Penalty Kill - 3 Players Forward
Forward Time % Phy DF OF
1 Steven Stamkos 60 1 2 2
2 Andrew Cogliano 40 1 2 2
Penalty Kill - 3 Players Defense
Defense Defense Time % Phy DF OF
1 Sean Zimmerman Keith Aulie 60 1 2 2
2 Adam Larsson Danny DeKeiser 40 1 2 2
4 vs 4 Forward
Center Wing Time % Phy DF OF
1 Steven Stamkos Andrew Cogliano 60 1 2 2
2 Nikita Kucherov Thomas Vanek 40 1 2 2
4 vs 4 Defense
Defense Defense Time % Phy DF OF
1 Sean Zimmerman Keith Aulie 60 1 2 2
2 Adam Larsson Danny DeKeiser 40 1 2 2
Last Minutes Offensive
Center Left Wing Right Wing Defense Defense
Steven Stamkos Andrew Cogliano Nikita Kucherov Sean Zimmerman Keith Aulie
Last Minutes Defensive
Center Left Wing Right Wing Defense Defense
Steven Stamkos Andrew Cogliano Nikita Kucherov Sean Zimmerman Keith Aulie
Goaltenders
Starting : Michal Neuvirth
Backup : Sergei Bobrovsky
Extra Forwards
Normal : Marcus Foligno, Joe Colborne, Sean Monahan - PP : Marcus Foligno, Joe Colborne - PK : Sean Monahan
Extra Defensemen
Normal : Eric Gryba, Alexei Marchenko, Keith Aulie - PP : Eric Gryba - PK : Alexei Marchenko, Keith Aulie
Penalty Shots
Steven Stamkos, Andrew Cogliano, Nikita Kucherov, Thomas Vanek, Logan Couture
Scratches
None
Islanders
5 vs 5 Forward
Center Left Wing Right Wing Time % Phy DF OF
1 Joe Thornton Evander Kane Mike Brown 36 1 1 3
2 David Legwand Tomas Fleischmann Vladimir Tarasenko 34 0 1 4
3 Maxim Talbot Carl Klingberg Jiri Hudler 20 2 1 2
4 Tomas Plekanec Zac Rinaldo Adam Pineault 10 1 2 2
5 vs 5 Defense
Defense Defense Time % Phy DF OF
1 Ryan Ellis Dustin Byfuglien 42 1 1 3
2 T.J. Fast Fedor Tyutin 33 2 1 2
3 Tomas Kundratek Justin Falk 25 2 2 1
4 Ryan Ellis Fedor Tyutin 0 1 2 2
PowerPlay Forward
Center Left Wing Right Wing Time % Phy DF OF
1 Joe Thornton Evander Kane Vladimir Tarasenko 60 1 0 4
2 David Legwand Carl Klingberg Mike Brown 40 0 1 4
PowerPlay Defense
Defense Defense Time % Phy DF OF
1 Ryan Ellis Dustin Byfuglien 60 0 1 4
2 T.J. Fast Fedor Tyutin 40 1 0 4
Penalty Kill 4 Players Forward
Center Wing Time % Phy DF OF
1 Tomas Plekanec Evander Kane 60 1 2 2
2 Maxim Talbot Zac Rinaldo 40 1 2 2
Penalty Kill 4 Players Defense
Defense Defense Time % Phy DF OF
1 Ryan Ellis Fedor Tyutin 60 1 2 2
2 T.J. Fast Dustin Byfuglien 40 1 2 2
Penalty Kill - 3 Players Forward
Forward Time % Phy DF OF
1 Tomas Plekanec 60 1 4 0
2 Evander Kane 40 2 3 0
Penalty Kill - 3 Players Defense
Defense Defense Time % Phy DF OF
1 Ryan Ellis Dustin Byfuglien 60 1 4 0
2 T.J. Fast Fedor Tyutin 40 3 2 0
4 vs 4 Forward
Center Wing Time % Phy DF OF
1 Joe Thornton Evander Kane 60 1 1 3
2 David Legwand Vladimir Tarasenko 40 1 1 3
4 vs 4 Defense
Defense Defense Time % Phy DF OF
1 Ryan Ellis Dustin Byfuglien 60 1 1 3
2 T.J. Fast Fedor Tyutin 40 1 2 2
Last Minutes Offensive
Center Left Wing Right Wing Defense Defense
Joe Thornton Evander Kane Vladimir Tarasenko Ryan Ellis Fedor Tyutin
Last Minutes Defensive
Center Left Wing Right Wing Defense Defense
Joe Thornton Evander Kane Vladimir Tarasenko Ryan Ellis Fedor Tyutin
Goaltenders
Starting : Jonathan Quick
Backup : Julien Ellis
Extra Forwards
Normal : Evander Kane, Vladimir Tarasenko, Zac Rinaldo - PP : Evander Kane, Vladimir Tarasenko - PK : Tomas Plekanec
Extra Defensemen
Normal : Ryan Ellis, Justin Falk, Fedor Tyutin - PP : Ryan Ellis - PK : Justin Falk, Ryan Ellis
Penalty Shots
Vladimir Tarasenko, Evander Kane, Joe Thornton, David Legwand, Tomas Fleischmann
Scratches
Jay Bouwmeester (Healthy), R.J. Umberger (Healthy)
% Time on Ice - Penguins
Lines # - Real PCT - Wanted PCT - Time Play
Normal Forward
1 - 35% - 40% - 15:54
2 - 26% - 30% - 11:57
3 - 23% - 20% - 10:21
4 - 16% - 10% - 7:09
Normal Defense
1 - 42% - 40% - 18:59
2 - 30% - 30% - 13:24
3 - 23% - 20% - 10:19
4 - 6% - 10% - 2:39
PP Forward
1 - 49% - 60% - 1:02
2 - 51% - 40% - 1:05
PP Defense
1 - 47% - 60% - 1:00
2 - 53% - 40% - 1:07
PK Forward
1 - 74% - 60% - 8:46
2 - 26% - 40% - 3:08
PK Defense
1 - 57% - 60% - 6:45
2 - 43% - 40% - 5:09
PK3 Forward
1 - 0% - 60%
2 - 0% - 40%
PK3 Defense
1 - 0% - 60%
2 - 0% - 40%
44 Forward
1 - 71% - 60% - 3:32
2 - 29% - 40% - 1:28
44 Defense
1 - 59% - 60% - 2:57
2 - 41% - 40% - 2:03
Last Minute Offensive - 0:00
Last Minute Defensive - 0:38
Total
Forward - 65:00
Defense - 65:00
|
% Time on Ice - Islanders
Lines # - Real PCT - Wanted PCT - Time Play
Normal Forward
1 - 31% - 36% - 14:03
2 - 29% - 34% - 13:04
3 - 23% - 20% - 10:29
4 - 18% - 10% - 8:04
Normal Defense
1 - 43% - 42% - 19:44
2 - 32% - 33% - 14:36
3 - 25% - 25% - 11:20
4 - 0% - 0% - 0:00
PP Forward
1 - 53% - 60% - 6:15
2 - 47% - 40% - 5:39
PP Defense
1 - 54% - 60% - 6:24
2 - 46% - 40% - 5:30
PK Forward
1 - 89% - 60% - 1:53
2 - 11% - 40% - 0:14
PK Defense
1 - 60% - 60% - 1:16
2 - 40% - 40% - 0:51
PK3 Forward
1 - 82% - 60% - 1:37
2 - 18% - 40% - 0:22
PK3 Defense
1 - 66% - 60% - 1:19
2 - 34% - 40% - 0:40
44 Forward
1 - 87% - 60% - 2:38
2 - 13% - 40% - 0:23
44 Defense
1 - 50% - 60% - 1:31
2 - 50% - 40% - 1:30
Last Minute Offensive - 0:19
Last Minute Defensive - 0:00
Total
Forward - 65:00
Defense - 65:00
|
Play-by-Play
1st period
0:01 of 1st period - Joe Thornton wins face-off versus Steven Stamkos in neutral zone.
1:19 of 1st period - Snap shot by Zac Rinaldo.
1:19 of 1st period - Stopped by Michal Neuvirth without a rebound.
1:20 of 1st period - Steven Stamkos wins face-off versus David Legwand in Penguins zone.
2:09 of 1st period - Alexei Marchenko is hit by Jiri Hudler and loses puck.
2:14 of 1st period - Slapshot by Maxim Talbot.
2:14 of 1st period - Stopped by Michal Neuvirth with a rebound.
2:16 of 1st period - Slapshot by Tomas Kundratek.
2:16 of 1st period - Stopped by Michal Neuvirth without a rebound.
2:17 of 1st period - David Legwand wins face-off versus Steven Stamkos in Penguins zone.
2:30 of 1st period - Snap shot by Andrew Cogliano.
2:30 of 1st period - Shot Blocked by T.J. Fast.
2:32 of 1st period - Slapshot by Danny DeKeiser.
2:32 of 1st period - Shot Blocked by Fedor Tyutin.
2:34 of 1st period - Slapshot by Andrew Cogliano.
2:34 of 1st period - Deflect By Steven Stamkos.
2:34 of 1st period - Stopped by Jonathan Quick with a rebound.
3:31 of 1st period - Dustin Brown is hit by Carl Klingberg and loses puck.
3:53 of 1st period - Icing by Vladimir Tarasenko.
3:54 of 1st period - Steven Stamkos wins face-off versus David Legwand in Islanders zone.
3:57 of 1st period - Snap shot by Nikita Kucherov.
3:57 of 1st period - Shot Blocked by Tomas Fleischmann.
5:09 of 1st period - Backhand shot by Adam Pineault.
5:09 of 1st period - Stopped by Michal Neuvirth with a rebound.
5:11 of 1st period - Slapshot by Dustin Byfuglien.
5:11 of 1st period - Shot Misses the Net.
5:31 of 1st period - Wrist shot by Evander Kane.
5:31 of 1st period - Stopped by Michal Neuvirth without a rebound.
5:32 of 1st period - Tomas Fleischmann wins face-off versus Steven Stamkos in Penguins zone.
5:45 of 1st period - Wrist shot by Vladimir Tarasenko.
5:45 of 1st period - Stopped by Michal Neuvirth with a rebound.
5:47 of 1st period - Wrist shot by Vladimir Tarasenko.
5:47 of 1st period - Stopped by Michal Neuvirth with a rebound.
5:49 of 1st period - Slapshot by Tomas Fleischmann.
5:49 of 1st period - Shot Misses the Net.
6:21 of 1st period - Wrist shot by Marian Hossa.
6:21 of 1st period - Shot Misses the Net.
6:23 of 1st period - Slapshot by Eric Gryba.
6:23 of 1st period - Shot Misses the Net.
6:25 of 1st period - Backhand shot by Alexei Marchenko.
6:25 of 1st period - Deflect By Jiri Hudler.
6:25 of 1st period - Stopped by Jonathan Quick with a rebound.
6:27 of 1st period - Snap shot by Andreas Martinsen.
6:27 of 1st period - Shot Blocked by Justin Falk.
6:29 of 1st period - Snap shot by Joe Colborne.
6:29 of 1st period - Stopped by Jonathan Quick with a rebound.
6:41 of 1st period - Justin Falk is hit by Andrew Cogliano and loses puck.
7:32 of 1st period - Tomas Kundratek is hit by Sean Monahan and loses puck.
7:47 of 1st period - Backhand shot by Joe Colborne.
7:47 of 1st period - Stopped by Jonathan Quick without a rebound.
7:48 of 1st period - Steven Stamkos wins face-off versus Joe Thornton in Islanders zone.
8:02 of 1st period - Snap shot by Nikita Kucherov.
8:02 of 1st period - Stopped by Jonathan Quick with a rebound.
8:22 of 1st period - Wrist shot by Mike Brown.
8:22 of 1st period - Stopped by Michal Neuvirth without a rebound.
8:23 of 1st period - Steven Stamkos wins face-off versus David Legwand in Penguins zone.
8:30 of 1st period - Snap shot by Nikita Kucherov.
8:30 of 1st period - Stopped by Jonathan Quick without a rebound.
8:31 of 1st period - Steven Stamkos wins face-off versus David Legwand in Islanders zone.
8:47 of 1st period - Slapshot by Andrew Cogliano.
8:47 of 1st period - Stopped by Jonathan Quick without a rebound.
8:48 of 1st period - Joe Thornton wins face-off versus Sean Monahan in Islanders zone.
9:26 of 1st period - Wrist shot by Mike Brown.
9:26 of 1st period - Shot Blocked by Keith Aulie.
9:28 of 1st period - Slapshot by Dustin Byfuglien.
9:28 of 1st period - Shot Misses the Net.
9:39 of 1st period - Icing by Joe Thornton.
9:40 of 1st period - David Legwand wins face-off versus Steven Stamkos in Islanders zone.
10:37 of 1st period - Snap shot by Carl Klingberg.
10:37 of 1st period - Shot Misses the Net.
10:39 of 1st period - Slapshot by T.J. Fast.
10:39 of 1st period - Shot Blocked by Eric Gryba.
11:39 of 1st period - Snap shot by Viktor Arvidsson.
11:39 of 1st period - Deflect By Sean Monahan.
11:39 of 1st period - Stopped by Jonathan Quick with a rebound.
11:41 of 1st period - Wrist shot by Sean Monahan.
11:41 of 1st period - Stopped by Jonathan Quick with a rebound.
11:43 of 1st period - Slapshot by Alexei Marchenko.
11:43 of 1st period - Stopped by Jonathan Quick without a rebound.
11:44 of 1st period - Steven Stamkos wins face-off versus Joe Thornton in Islanders zone.
11:45 of 1st period - Wrist shot by Nikita Kucherov.
11:45 of 1st period - Goal by Nikita Kucherov - Penguins : 1 - Islanders : 0.
11:46 of 1st period - Steven Stamkos wins face-off versus David Legwand in neutral zone.
12:13 of 1st period - Evander Kane is hit by Sean Monahan and loses puck.
12:18 of 1st period - Snap shot by Thomas Vanek.
12:18 of 1st period - Stopped by Jonathan Quick with a rebound.
12:20 of 1st period - Wrist shot by Thomas Vanek.
12:20 of 1st period - Shot Blocked by Evander Kane.
12:22 of 1st period - Slapshot by Adam Larsson.
12:22 of 1st period - Shot Misses the Net.
12:45 of 1st period - Slapshot by Adam Pineault.
12:45 of 1st period - Shot Blocked by Logan Couture.
12:47 of 1st period - Wrist shot by Zac Rinaldo.
12:47 of 1st period - Shot Misses the Net.
12:49 of 1st period - Snap shot by Adam Pineault.
12:49 of 1st period - Shot Misses the Net.
13:15 of 1st period - Minor Penalty to Adam Larsson for Slashing.
13:16 of 1st period - Steven Stamkos wins face-off versus Vladimir Tarasenko in Penguins zone.
13:53 of 1st period - Wrist shot by David Legwand.
13:53 of 1st period - Stopped by Michal Neuvirth without a rebound.
13:54 of 1st period - Nikita Kucherov wins face-off versus David Legwand in Penguins zone.
14:04 of 1st period - Icing by Mike Brown.
14:05 of 1st period - David Legwand wins face-off versus Steven Stamkos in Islanders zone.
14:48 of 1st period - Snap shot by Mike Brown.
14:48 of 1st period - Stopped by Michal Neuvirth without a rebound.
14:49 of 1st period - Steven Stamkos wins face-off versus Joe Thornton in Penguins zone.
15:15 of 1st period - Penalty to Adam Larsson is over, Adam Larsson is back on ice.
15:28 of 1st period - Wrist shot by Adam Pineault.
15:28 of 1st period - Stopped by Michal Neuvirth without a rebound.
15:29 of 1st period - Logan Couture wins face-off versus Tomas Plekanec in Penguins zone.
15:29 of 1st period - Logan Couture is hit by Zac Rinaldo.
15:41 of 1st period - Snap shot by Dustin Brown.
15:41 of 1st period - Shot Blocked by Tomas Kundratek.
15:59 of 1st period - Sean Zimmerman is hit by Justin Falk and loses puck.
16:11 of 1st period - Minor Penalty to Tomas Plekanec for Tripping.
16:12 of 1st period - David Legwand wins face-off versus Steven Stamkos in Islanders zone.
16:24 of 1st period - Slapshot by Adam Larsson.
16:24 of 1st period - Shot Blocked by Ryan Ellis.
16:26 of 1st period - Snap shot by Steven Stamkos.
16:26 of 1st period - Stopped by Jonathan Quick with a rebound.
16:28 of 1st period - Snap shot by Adam Larsson.
16:28 of 1st period - Shot Misses the Net.
17:36 of 1st period - Evander Kane is hit by Andrew Cogliano and loses puck.
17:55 of 1st period - Dustin Brown is hit by Fedor Tyutin and loses puck.
18:11 of 1st period - Penalty to Tomas Plekanec is over, Tomas Plekanec is back on ice.
18:18 of 1st period - Tomas Plekanec is hit by Adam Larsson and loses puck.
19:06 of 1st period - Icing by Danny DeKeiser.
19:07 of 1st period - Zac Rinaldo wins face-off versus Sean Monahan in Penguins zone.
19:59 of 1st period - Keith Aulie is hit by Vladimir Tarasenko and loses puck.
Goals for this period are 1 for Penguins vs 0 for Islanders.
Shots for this period are 13 for Penguins vs 11 for Islanders.
2nd period
0:01 of 2nd period - Steven Stamkos wins face-off versus David Legwand in neutral zone.
0:04 of 2nd period - David Legwand is hit by Steven Stamkos and loses puck.
0:27 of 2nd period - Fedor Tyutin is hit by Andreas Martinsen and loses puck.
0:36 of 2nd period - Snap shot by Marian Hossa.
0:36 of 2nd period - Stopped by Jonathan Quick with a rebound.
0:56 of 2nd period - Tomas Fleischmann is hit by Viktor Arvidsson and loses puck.
1:18 of 2nd period - Snap shot by David Legwand.
1:18 of 2nd period - Stopped by Michal Neuvirth without a rebound.
1:19 of 2nd period - Joe Thornton wins face-off versus Steven Stamkos in Penguins zone.
1:26 of 2nd period - Wrist shot by Steven Stamkos.
1:26 of 2nd period - Shot Blocked by Ryan Ellis.
1:28 of 2nd period - Wrist shot by Andrew Cogliano.
1:28 of 2nd period - Deflect By Steven Stamkos.
1:28 of 2nd period - Shot Misses the Net.
1:28 of 2nd period - Puck is out of play.
1:29 of 2nd period - Mike Brown wins face-off versus Steven Stamkos in Islanders zone.
1:43 of 2nd period - Off-side.
1:44 of 2nd period - Andrew Cogliano wins face-off versus Evander Kane in neutral zone.
1:47 of 2nd period - Wrist shot by Keith Aulie.
1:47 of 2nd period - Stopped by Jonathan Quick with a rebound.
1:49 of 2nd period - Snap shot by Andrew Cogliano.
1:49 of 2nd period - Shot Misses the Net.
2:32 of 2nd period - Icing by Adam Larsson.
2:33 of 2nd period - Tomas Plekanec wins face-off versus Logan Couture in Penguins zone.
2:38 of 2nd period - Snap shot by Adam Pineault.
2:38 of 2nd period - Shot Blocked by Marcus Foligno.
3:08 of 2nd period - Slapshot by Adam Pineault.
3:08 of 2nd period - Stopped by Michal Neuvirth with a rebound.
3:24 of 2nd period - Slapshot by Dustin Brown.
3:24 of 2nd period - Shot Blocked by Tomas Plekanec.
3:26 of 2nd period - Wrist shot by Dustin Brown.
3:26 of 2nd period - Stopped by Jonathan Quick without a rebound.
3:27 of 2nd period - Joe Thornton wins face-off versus Steven Stamkos in Islanders zone.
4:35 of 2nd period - Wrist shot by Joe Colborne.
4:35 of 2nd period - Stopped by Jonathan Quick without a rebound.
4:36 of 2nd period - Steven Stamkos wins face-off versus Mike Brown in Islanders zone.
4:47 of 2nd period - Snap shot by Andrew Cogliano.
4:47 of 2nd period - Stopped by Jonathan Quick without a rebound.
4:48 of 2nd period - Joe Thornton wins face-off versus Steven Stamkos in Islanders zone.
5:19 of 2nd period - David Legwand is hit by Viktor Arvidsson and loses puck.
5:24 of 2nd period - Snap shot by Viktor Arvidsson.
5:24 of 2nd period - Shot Misses the Net.
5:26 of 2nd period - Slapshot by Sean Monahan.
5:26 of 2nd period - Shot Blocked by T.J. Fast.
5:57 of 2nd period - Wrist shot by Evander Kane.
5:57 of 2nd period - Shot Misses the Net.
5:59 of 2nd period - Slapshot by Ryan Ellis.
5:59 of 2nd period - Stopped by Michal Neuvirth without a rebound.
6:00 of 2nd period - Evander Kane wins face-off versus Steven Stamkos in Penguins zone.
6:09 of 2nd period - Snap shot by Evander Kane.
6:09 of 2nd period - Shot Misses the Net.
6:11 of 2nd period - Slapshot by Mike Brown.
6:11 of 2nd period - Shot Blocked by Nikita Kucherov.
7:07 of 2nd period - Joe Colborne is hit by Adam Pineault and loses puck.
7:16 of 2nd period - Wrist shot by Adam Pineault.
7:16 of 2nd period - Stopped by Michal Neuvirth with a rebound.
7:18 of 2nd period - Snap shot by Zac Rinaldo.
7:18 of 2nd period - Shot Misses the Net.
7:32 of 2nd period - Nikita Kucherov is hit by Joe Thornton and loses puck.
8:21 of 2nd period - Snap shot by Dustin Brown.
8:21 of 2nd period - Shot Misses the Net.
9:33 of 2nd period - Slapshot by Steven Stamkos.
9:33 of 2nd period - Stopped by Jonathan Quick without a rebound.
9:34 of 2nd period - Sean Monahan wins face-off versus Joe Thornton in Islanders zone.
9:49 of 2nd period - Adam Larsson is hit by Mike Brown and loses puck.
10:11 of 2nd period - Snap shot by David Legwand.
10:11 of 2nd period - Stopped by Michal Neuvirth with a rebound.
10:13 of 2nd period - Slapshot by Dustin Byfuglien.
10:13 of 2nd period - Stopped by Michal Neuvirth without a rebound.
10:14 of 2nd period - Maxim Talbot wins face-off versus Sean Monahan in Penguins zone.
10:15 of 2nd period - Snap shot by Jiri Hudler.
10:15 of 2nd period - Stopped by Michal Neuvirth without a rebound.
10:16 of 2nd period - Maxim Talbot wins face-off versus Sean Monahan in Penguins zone.
10:31 of 2nd period - Wrist shot by Maxim Talbot.
10:31 of 2nd period - Deflect By Jiri Hudler.
10:31 of 2nd period - Stopped by Michal Neuvirth without a rebound.
10:32 of 2nd period - Joe Thornton wins face-off versus Steven Stamkos in Penguins zone.
10:59 of 2nd period - Dustin Byfuglien is hit by Keith Aulie and loses puck.
11:19 of 2nd period - Off-side.
11:20 of 2nd period - Maxim Talbot wins face-off versus Logan Couture in neutral zone.
11:25 of 2nd period - Slapshot by Jiri Hudler.
11:25 of 2nd period - Shot Misses the Net.
12:25 of 2nd period - Icing by Eric Gryba.
12:26 of 2nd period - Tomas Plekanec wins face-off versus Joe Colborne in Penguins zone.
12:37 of 2nd period - Snap shot by Adam Pineault.
12:37 of 2nd period - Stopped by Michal Neuvirth with a rebound.
12:39 of 2nd period - Wrist shot by Zac Rinaldo.
12:39 of 2nd period - Stopped by Michal Neuvirth without a rebound.
12:40 of 2nd period - Nikita Kucherov wins face-off versus Joe Thornton in Penguins zone.
12:48 of 2nd period - Icing by Sean Zimmerman.
12:49 of 2nd period - Joe Thornton wins face-off versus Steven Stamkos in Penguins zone.
12:54 of 2nd period - Slapshot by Ryan Ellis.
12:54 of 2nd period - Shot Misses the Net.
13:56 of 2nd period - Wrist shot by Joe Thornton.
13:56 of 2nd period - Shot Misses the Net.
14:54 of 2nd period - Minor Penalty to Sean Zimmerman for Tripping.
14:55 of 2nd period - David Legwand wins face-off versus Sean Monahan in Penguins zone.
15:45 of 2nd period - Off-side.
15:46 of 2nd period - Logan Couture wins face-off versus Maxim Talbot in neutral zone.
15:49 of 2nd period - Fedor Tyutin is hit by Thomas Vanek and loses puck.
15:56 of 2nd period - Adam Larsson is hit by Vladimir Tarasenko and loses puck.
16:35 of 2nd period - Dustin Byfuglien is hit by Adam Larsson and loses puck.
16:54 of 2nd period - Penalty to Sean Zimmerman is over, Sean Zimmerman is back on ice.
17:20 of 2nd period - Tomas Kundratek is hit by Eric Gryba and loses puck.
18:01 of 2nd period - Tomas Plekanec is hit by Sean Monahan and loses puck.
18:57 of 2nd period - Jiri Hudler is hit by Keith Aulie and loses puck.
19:33 of 2nd period - Steven Stamkos is hit by Jiri Hudler and loses puck.
19:51 of 2nd period - Ryan Ellis is hit by Keith Aulie and loses puck.
Goals for this period are 0 for Penguins vs 0 for Islanders.
Shots for this period are 6 for Penguins vs 10 for Islanders.
3rd period
0:01 of 3rd period - David Legwand wins face-off versus Steven Stamkos in neutral zone.
0:26 of 3rd period - Mike Brown is hit by Sean Monahan and loses puck.
0:58 of 3rd period - Wrist shot by Marcus Foligno.
0:58 of 3rd period - Shot Misses the Net.
1:28 of 3rd period - Off-side.
1:29 of 3rd period - Adam Pineault wins face-off versus Steven Stamkos in neutral zone.
1:32 of 3rd period - Wrist shot by Ryan Ellis.
1:32 of 3rd period - Stopped by Michal Neuvirth with a rebound.
1:38 of 3rd period - Slapshot by Keith Aulie.
1:38 of 3rd period - Shot Misses the Net.
1:40 of 3rd period - Snap shot by Steven Stamkos.
1:40 of 3rd period - Stopped by Jonathan Quick with a rebound.
1:42 of 3rd period - Wrist shot by Nikita Kucherov.
1:42 of 3rd period - Goal by Nikita Kucherov - Penguins : 2 - Islanders : 0.
1:43 of 3rd period - Steven Stamkos wins face-off versus David Legwand in neutral zone.
1:48 of 3rd period - Wrist shot by Nikita Kucherov.
1:48 of 3rd period - Stopped by Jonathan Quick with a rebound.
1:50 of 3rd period - Snap shot by Steven Stamkos.
1:50 of 3rd period - Deflect By Nikita Kucherov.
1:50 of 3rd period - Shot Misses the Net.
1:50 of 3rd period - Puck is out of play.
1:51 of 3rd period - Steven Stamkos wins face-off versus David Legwand in Islanders zone.
1:58 of 3rd period - Snap shot by Nikita Kucherov.
1:58 of 3rd period - Stopped by Jonathan Quick with a rebound.
2:00 of 3rd period - Wrist shot by Steven Stamkos.
2:00 of 3rd period - Deflect By Nikita Kucherov.
2:00 of 3rd period - Stopped by Jonathan Quick with a rebound.
2:02 of 3rd period - Slapshot by Sean Zimmerman.
2:02 of 3rd period - Stopped by Jonathan Quick with a rebound.
2:12 of 3rd period - Wrist shot by Andrew Cogliano.
2:12 of 3rd period - Shot Blocked by T.J. Fast.
2:14 of 3rd period - Slapshot by Andrew Cogliano.
2:14 of 3rd period - Shot Blocked by Vladimir Tarasenko.
2:53 of 3rd period - Minor Penalty to Fedor Tyutin for Interference.
2:54 of 3rd period - Tomas Plekanec wins face-off versus Sean Monahan in Islanders zone.
3:01 of 3rd period - Snap shot by Sean Monahan.
3:01 of 3rd period - Goal by Sean Monahan - Penguins : 3 - Islanders : 0.
3:02 of 3rd period - Joe Thornton wins face-off versus Sean Monahan in neutral zone.
3:20 of 3rd period - Minor Penalty to Sean Zimmerman for Hooking.
3:21 of 3rd period - Steven Stamkos wins face-off versus Joe Thornton in Penguins zone.
3:28 of 3rd period - Snap shot by Steven Stamkos.
3:28 of 3rd period - Shot Blocked by Evander Kane.
3:43 of 3rd period - Andrew Cogliano is hit by Vladimir Tarasenko and loses puck.
3:58 of 3rd period - Slapshot by David Legwand.
3:58 of 3rd period - Shot Misses the Net.
4:00 of 3rd period - Slapshot by Dustin Byfuglien.
4:00 of 3rd period - Shot Blocked by Alexei Marchenko.
5:13 of 3rd period - Maxim Talbot is hit by Alexei Marchenko and loses puck.
5:20 of 3rd period - Penalty to Sean Zimmerman is over, Sean Zimmerman is back on ice.
6:47 of 3rd period - Tomas Plekanec is hit by Andreas Martinsen.
6:56 of 3rd period - Marian Hossa is hit by Zac Rinaldo and loses puck.
7:22 of 3rd period - Slapshot by Maxim Talbot.
7:22 of 3rd period - Goal by Maxim Talbot - Penguins : 3 - Islanders : 1.
7:23 of 3rd period - David Legwand wins face-off versus Steven Stamkos in neutral zone.
7:26 of 3rd period - Sean Zimmerman is hit by David Legwand and loses puck.
7:49 of 3rd period - Evander Kane is hit by Thomas Vanek and loses puck.
7:54 of 3rd period - Snap shot by Sean Monahan.
7:54 of 3rd period - Shot Misses the Net.
7:56 of 3rd period - Wrist shot by Sean Monahan.
7:56 of 3rd period - Shot Misses the Net.
7:58 of 3rd period - Slapshot by Sean Monahan.
7:58 of 3rd period - Shot Hit the Post.
8:00 of 3rd period - Wrist shot by Sean Monahan.
8:00 of 3rd period - Shot Blocked by Dustin Byfuglien.
8:12 of 3rd period - Wrist shot by Mike Brown.
8:12 of 3rd period - Shot Misses the Net.
8:29 of 3rd period - Minor Penalty to Joe Colborne for Tripping.
8:30 of 3rd period - Steven Stamkos wins face-off versus Joe Thornton in Penguins zone.
9:35 of 3rd period - David Legwand is hit by Steven Stamkos and loses puck.
10:14 of 3rd period - Carl Klingberg is hit by Danny DeKeiser and loses puck.
10:29 of 3rd period - Penalty to Joe Colborne is over, Joe Colborne is back on ice.
11:41 of 3rd period - Icing by Adam Larsson.
11:42 of 3rd period - Maxim Talbot wins face-off versus Joe Colborne in Penguins zone.
11:43 of 3rd period - Snap shot by Carl Klingberg.
11:43 of 3rd period - Stopped by Michal Neuvirth with a rebound.
11:45 of 3rd period - Slapshot by Maxim Talbot.
11:45 of 3rd period - Goal by Maxim Talbot - Penguins : 3 - Islanders : 2.
11:46 of 3rd period - Steven Stamkos wins face-off versus Vladimir Tarasenko in neutral zone.
12:08 of 3rd period - Minor Penalty to Andrew Cogliano for Holding.
12:09 of 3rd period - Steven Stamkos wins face-off versus Joe Thornton in Penguins zone.
14:08 of 3rd period - Penalty to Andrew Cogliano is over, Andrew Cogliano is back on ice.
14:28 of 3rd period - Wrist shot by Andrew Cogliano.
14:28 of 3rd period - Stopped by Jonathan Quick without a rebound.
14:29 of 3rd period - Tomas Plekanec wins face-off versus Logan Couture in Islanders zone.
14:52 of 3rd period - Snap shot by Jiri Hudler.
14:52 of 3rd period - Shot Blocked by Eric Gryba.
15:04 of 3rd period - Joe Colborne is hit by Fedor Tyutin and loses puck.
15:15 of 3rd period - Slapshot by Viktor Arvidsson.
15:15 of 3rd period - Goal by Viktor Arvidsson - Penguins : 4 - Islanders : 2.
15:16 of 3rd period - Joe Thornton wins face-off versus Logan Couture in neutral zone.
15:29 of 3rd period - Slapshot by Evander Kane.
15:29 of 3rd period - Deflect By Joe Thornton.
15:29 of 3rd period - Shot Blocked by Sean Zimmerman.
15:29 of 3rd period - Puck is out of play.
15:30 of 3rd period - Andrew Cogliano wins face-off versus Jiri Hudler in Penguins zone.
15:30 of 3rd period - Andrew Cogliano is hit by Maxim Talbot.
15:42 of 3rd period - Wrist shot by Maxim Talbot.
15:42 of 3rd period - Shot Blocked by Keith Aulie.
15:44 of 3rd period - Slapshot by Dustin Byfuglien.
15:44 of 3rd period - Stopped by Michal Neuvirth with a rebound.
15:46 of 3rd period - Wrist shot by Maxim Talbot.
15:46 of 3rd period - Goal by Maxim Talbot - Penguins : 4 - Islanders : 3.
15:47 of 3rd period - Maxim Talbot wins face-off versus Marcus Foligno in neutral zone.
15:50 of 3rd period - Slapshot by Dustin Byfuglien.
15:50 of 3rd period - Shot Blocked by Adam Larsson.
15:52 of 3rd period - Minor Penalty to Adam Larsson for Holding.
15:53 of 3rd period - Evander Kane wins face-off versus Steven Stamkos in Penguins zone.
17:44 of 3rd period - Vladimir Tarasenko is hit by Sean Monahan.
17:52 of 3rd period - Penalty to Adam Larsson is over, Adam Larsson is back on ice.
18:13 of 3rd period - Danny DeKeiser is hit by Zac Rinaldo and loses puck.
18:30 of 3rd period - Viktor Arvidsson is hit by Tomas Fleischmann and loses puck.
18:46 of 3rd period - Off-side.
18:47 of 3rd period - Jacques Martin call a timeout for Islanders.
18:47 of 3rd period - Maxim Talbot wins face-off versus Steven Stamkos in neutral zone.
18:50 of 3rd period - Islanders, Jonathan Quick is pulled from the net.
18:50 of 3rd period - Wrist shot by Maxim Talbot.
18:50 of 3rd period - Stopped by Michal Neuvirth with a rebound.
19:22 of 3rd period - Snap shot by Evander Kane.
19:22 of 3rd period - Goal by Evander Kane - Penguins : 4 - Islanders : 4.
19:22 of 3rd period - Jonathan Quick from Islanders was sent back in the game.
19:23 of 3rd period - Maxim Talbot wins face-off versus Logan Couture in neutral zone.
19:59 of 3rd period - Minor Penalty to Carl Klingberg for Tripping.
Goals for this period are 3 for Penguins vs 4 for Islanders.
Shots for this period are 9 for Penguins vs 8 for Islanders.
Goals for this period are 3 for Penguins vs 4 for Islanders.
Shots for this period are 9 for Penguins vs 8 for Islanders.
Overtime #1
0:01 of 1st overtime period - Steven Stamkos wins face-off versus Tomas Plekanec in neutral zone.
0:10 of 1st overtime period - Wrist shot by Dustin Byfuglien.
0:10 of 1st overtime period - Shot Blocked by Sean Zimmerman.
0:12 of 1st overtime period - Slapshot by Dustin Byfuglien.
0:12 of 1st overtime period - Stopped by Michal Neuvirth without a rebound.
0:13 of 1st overtime period - Steven Stamkos wins face-off versus Tomas Plekanec in Penguins zone.
1:00 of 1st overtime period - Slapshot by Fedor Tyutin.
1:00 of 1st overtime period - Stopped by Michal Neuvirth without a rebound.
1:01 of 1st overtime period - Evander Kane wins face-off versus Steven Stamkos in Penguins zone.
1:28 of 1st overtime period - Wrist shot by Nikita Kucherov.
1:28 of 1st overtime period - Stopped by Jonathan Quick without a rebound.
1:29 of 1st overtime period - Tomas Plekanec wins face-off versus Nikita Kucherov in Islanders zone.
1:44 of 1st overtime period - Snap shot by Nikita Kucherov.
1:44 of 1st overtime period - Shot Misses the Net.
1:46 of 1st overtime period - Slapshot by Keith Aulie.
1:46 of 1st overtime period - Shot Hit the Post.
1:48 of 1st overtime period - Wrist shot by Thomas Vanek.
1:48 of 1st overtime period - Stopped by Jonathan Quick without a rebound.
1:49 of 1st overtime period - Steven Stamkos wins face-off versus Tomas Plekanec in Islanders zone.
1:59 of 1st overtime period - Penalty to Carl Klingberg is over, Carl Klingberg is back on ice.
2:04 of 1st overtime period - Andrew Cogliano is hit by Tomas Plekanec and loses puck.
2:29 of 1st overtime period - Fedor Tyutin is hit by Nikita Kucherov.
4:06 of 1st overtime period - Slapshot by Danny DeKeiser.
4:06 of 1st overtime period - Shot Misses the Net.
4:08 of 1st overtime period - Snap shot by Sean Monahan.
4:08 of 1st overtime period - Shot Misses the Net.
4:28 of 1st overtime period - Tomas Fleischmann is hit by Thomas Vanek and loses puck.
4:53 of 1st overtime period - Danny DeKeiser is hit by Ryan Ellis.
Goals for this period are 0 for Penguins vs 0 for Islanders.
Shots for this period are 2 for Penguins vs 2 for Islanders.
ShootOut
5:00 of 1st overtime period - Round #1.
5:00 of 1st overtime period - Penguins, Steven Stamkos.
5:00 of 1st overtime period - Snap shot by Steven Stamkos.
5:00 of 1st overtime period - Goal by Steven Stamkos.
5:00 of 1st overtime period - Islanders, Vladimir Tarasenko.
5:00 of 1st overtime period - Snap shot by Vladimir Tarasenko.
5:00 of 1st overtime period - Shot Misses the Net.
5:00 of 1st overtime period - Round #2.
5:00 of 1st overtime period - Penguins, Andrew Cogliano.
5:00 of 1st overtime period - Backhand shot by Andrew Cogliano.
5:00 of 1st overtime period - Stopped by Jonathan Quick.
5:00 of 1st overtime period - Islanders, Evander Kane.
5:00 of 1st overtime period - Wrist shot by Evander Kane.
5:00 of 1st overtime period - Stopped by Michal Neuvirth.
5:00 of 1st overtime period - Round #3.
5:00 of 1st overtime period - Penguins, Nikita Kucherov.
5:00 of 1st overtime period - Wrist shot by Nikita Kucherov.
5:00 of 1st overtime period - Stopped by Jonathan Quick.
5:00 of 1st overtime period - Islanders, Joe Thornton.
5:00 of 1st overtime period - Deke by Joe Thornton.
5:00 of 1st overtime period - Shot Misses the Net.